 Dungeon Crawl Stone Soup version 0.23-a0-436-g57debff (webtiles) character file.

121 Azzok the Firebug (level 4, 0/30 HPs)
             Began as a Demonspawn Fire Elementalist on Nov 16, 2018.
             Slain by a hobgoblin (5 damage)
             ... on level 1 of the Dungeon.
             The game lasted 00:02:26 (1795 turns).

Azzok the Firebug (Demonspawn Fire Elementalist)    Turns: 1795, Time: 00:02:26

Health: 0/30       AC:  2    Str:  8    XL:     4   Next: 77%
Magic:  0/8        EV: 12    Int: 17    God:
Gold:   59         SH:  0    Dex: 14    Spells: 5/9 levels left

rFire    . . .     SeeInvis .   k - +2 dagger (venom)
rCold    . . .     Gourm    .   (no shield)
rNeg     . . .     Faith    .   a - +0 robe
rPois    .         Spirit   .   (no helmet)
rElec    .         Reflect  .   (no cloak)
rCorr    .         Harm     .   (no gloves)
MR       .....                  (no boots)
Stlth    ++........             (no amulet)
HPRegen  0.10/turn              (no ring)
MPRegen  0.11/turn              (no ring)

@: very slightly contaminated
A: hooves 1, sturdy frame 1
a: no special abilities


You were on level 1 of the Dungeon.
You were not hungry.

You visited 1 branch of the dungeon, and saw 2 of its levels.

You collected 59 gold pieces.

Inventory:

Hand Weapons
 k - a +2 dagger of venom (weapon)
Armour
 a - a +0 robe (worn)
Scrolls
 d - a scroll of remove curse {unknown}
 g - a scroll of noise {unknown}
 h - a scroll of teleportation {unknown}
 i - a scroll of fear {unknown}
Potions
 b - a potion of brilliance {unknown}
 e - a potion of flight {unknown}
 f - 3 potions of curing {unknown}
 j - a potion of degeneration {unknown}
Comestibles
 c - 3 rations
 l - 8 chunks of flesh


   Skills:
 - Level 1.7 Dodging
 - Level 1.7 Stealth
 + Level 3.1 Spellcasting
 + Level 2.7 Conjurations
 + Level 3.6 Fire Magic


You had 5 spell levels left.
You knew the following spells:

 Your Spells              Type           Power        Failure   Level  Hunger
a - Flame Tongue          Conj/Fire      ##...        4%          1    None
b - Conjure Flame         Conj/Fire      ##......     14%         3    ###....

Your spell library contained the following spells:

 Spells                   Type           Power        Failure   Level  Hunger
 Throw Flame              Conj/Fire      ##....       7%          2    ##.....
 Inner Flame              Hex/Fire       #.......     24%         3    ###....
 Sticky Flame             Conj/Fire      ##......     43%         4    ####...
 Fireball                 Conj/Fire      ##........   78%         5    ######.


Dungeon Overview and Level Annotations

Branches:
Dungeon (2/15)

Altars:
Sif Muna
Yredelemnul


Innate Abilities, Weirdness & Mutations

You have large cloven feet.
Your movements are slightly less encumbered by armour. (ER -2)


Message History

* * * LOW HITPOINT WARNING * * *
Casting: Flame Tongue (safe; 4% risk of failure)
Confirm with . or Enter, or press ? or * to list all spells.
Aiming: Flame Tongue (safe; 4% risk of failure)
Press: ? - help, Shift-Dir - straight line, f/p - hobgoblin
Aim: a hobgoblin The flame tongue hits the hobgoblin.
The hobgoblin appears unharmed.
* * * LOW MAGIC WARNING * * *
The hobgoblin closely misses you.
Casting: Flame Tongue (safe; 4% risk of failure)
Confirm with . or Enter, or press ? or * to list all spells.
Aiming: Flame Tongue (safe; 4% risk of failure)
Press: ? - help, Shift-Dir - straight line, f/p - hobgoblin
Aim: a hobgoblin The flame tongue misses the hobgoblin.
* * * LOW MAGIC WARNING * * *
The hobgoblin hits you.
* * * LOW HITPOINT WARNING * * *
The hobgoblin hits you.
You die...

··)▒···▒·····▒ ▒····▒▒·▒·▒ ▒·▒·▒
···▒·▒▒▒·▒▒▒·▒▒▒▒▒····▒·▒·▒▒▒·▒·▒
···▒·▒·)·▒▒▒···▒ ▒·▒▒▒▒·▒·····▒·▒
·▒▒▒·▒·····'···▒ ▒····▒·▒▒▒▒▒▒▒·▒
·▒▒▒·▒▒▒▒▒▒▒···▒▒▒▒▒▒·▒·········▒
·▒▒·····▒ ▒···▒▒·····▒▒▒▒▒▒▒▒▒▒▒
··▒▒·▒▒·▒ ▒···▒▒·▒▒···▒ ▒·▒▒·▒▒·▒
▒▒▒▒▒▒·▒▒▒▒·▒▒▒▒ ▒··▒·▒▒·▒▒▒
▒··@·▒ ▒····▒ ▒▒·▒·▒▒···▒ ▒▒g▒▒▒
▒▒▒▒÷▒ ▒▒·▒·▒▒▒▒·▒ ▒·▒ ▒·▒
▒···▒▒···▒▒▒▒▒·▒▒▒▒▒ ▒·▒
▒▒··▒▒······▒▒[····▒ ▒·▒
▒·>········▒▒▒▒▒▒·▒▒▒ ▒·▒
▒▒▒▒▒▒···········^··▒ ▒·▒
▒▒▒▒·········▒·▒ ▒·▒
▒··÷·)····▒·▒ ▒·▒


You could see a hobgoblin.

Vanquished Creatures
  Natasha (twice) (D:2)
  3 adders (D:2)
  An ooze (D:2)
  2 worms (D:2)
  2 dart slugs
  A giant cockroach (D:2)
  6 hobgoblins
  A jackal (D:1)
  4 bats
  5 frilled lizards
  6 kobolds
  3 rats
36 creatures vanquished.

Notes
Turn   | Place    | Note
-------+----------+-------------------------------------------
     0 | D:1      | Azzok the Demonspawn Fire Elementalist began the quest for
                  | the Orb.
     0 | D:1      | Reached XP level 1. HP: 13/13 MP: 3/3
   321 | D:1      | Gained mutation: Your movements are slightly less
                  | encumbered by armour. (ER -2) [demonic ancestry]
   321 | D:1      | Reached XP level 2. HP: 19/19 MP: 1/5
  1066 | D:2      | Reached XP level 3. HP: 21/24 MP: 0/6
  1378 | D:2      | Found a deep blue altar of Sif Muna.
  1381 | D:2      | Found a basalt altar of Yredelemnul.
  1465 | D:2      | Noticed Natasha
  1474 | D:2      | Killed Natasha
  1474 | D:2      | Gained mutation: You have large cloven feet. [demonic
                  | ancestry]
  1474 | D:2      | Reached XP level 4. HP: 10/30 MP: 3/8
  1479 | D:2      | Learned a level 3 spell: Conjure Flame
  1771 | D:2      | Noticed Natasha
  1781 | D:2      | Killed Natasha
  1795 | D:1      | Slain by a hobgoblin

Vault maps used:
D:1:      dpeg_arrival_arbitrary_b
D:2:      gammafunk_temple_overflow_statue, uniq_natasha, uniq_terence

Skill      XL: |  1  2  3  4 |
---------------+-------------+-----
Fire Magic     | 3 |  3.6
Conjurations   | 2 |  2.7
Spellcasting   | 3 |  3.1
Dodging        | |  1.7
Stealth        | |  1.7

Action                   |  1- 3 |  4- 6 || total
-------------------------+-------+-------++-------
Melee: Unarmed           |     7 |       ||     7
       Dagger            |     9 |     3 ||    12
 Cast: Flame Tongue      |    52 |    14 ||    66
  Eat: Chunk             |     2 |     1 ||     3
Armor: Robe              |     2 |     2 ||     4
Dodge: Dodged            |    18 |    12 ||    30

Table legend:
 A = Non-vault XP
 B = Vault XP
 C = Vault XP percentage of total XP
 D = Non-vault monster count
 E = Vault monster count
 F = Vault count percentage of total count
                 A         B        C        D         E       F
            +---------+---------+-------+---------+---------+-------
      Total |     139 |      35 |  20.1 |      35 |       1 |   2.8
            +---------+---------+-------+---------+---------+-------
        D:1 |      25 |       0 |   0.0 |      17 |       0 |   0.0
        D:2 |     114 |      35 |  23.5 |      18 |       1 |   5.3
            +---------+---------+-------+---------+---------+-------
